 Dungeon Crawl Stone Soup version 0.17-a0-1850-g688e747 (webtiles) character file.

28 kae the Firebug (level 3, 0/19 HPs)
             Began as a Tengu Fire Elementalist on Sept 19, 2015.
             Slain by a jackal (1 damage)
             ... on level 1 of the Dungeon.
             The game lasted 00:01:28 (1515 turns).

kae the Firebug (Tengu Fire Elementalist)           Turns: 1515, Time: 00:01:28

Health: 0/19       AC:  2    Str:  8    XL:     3   Next: 14%
Magic:  0/7        EV: 12    Int: 21    God:
Gold:   29         SH:  0    Dex: 14    Spells: 2 memorised, 3 levels left

rFire  . . .     SeeInvis .     (no weapon)
rCold  . . .     Clarity  .     a - +0 robe
rNeg   . . .     SustAt   .     (no shield)
rPois  .         Gourm    .     (helmet restricted)
rElec  .         Spirit   .     (no cloak)
rCorr  .         Warding  .     (no gloves)
rMut   .         Stasis   .     (boots unavailable)
MR     .....                    (no amulet)
Stlth  ++........               (no ring)
                                (no ring)

@: brilliant, lethally poisoned (0 -> -4), very slightly contaminated, not
resistant to hostile enchantments, unstealthy
A: beak, talons 3
a: no special abilities


You were on level 1 of the Dungeon.
You were hungry.

You visited 1 branch of the dungeon, and saw 2 of its levels.

You collected 29 gold pieces.

Inventory:

Armour
 a - a +0 robe (worn)
Scrolls
 e - a scroll of amnesia {unknown}
 f - a scroll of identify {unknown}
 g - a scroll of recharging {unknown}
Books
 b - a book of Flames

   Spells                             Type                      Level
   a - Flame Tongue                   Conjuration/Fire             1
   b - Throw Flame                    Conjuration/Fire             2
   c - Conjure Flame                  Conjuration/Fire             3
   d - Inner Flame                    Hexes/Fire                   3
   e - Sticky Flame                   Conjuration/Fire             4
   f - Fireball                       Conjuration/Fire             5
Comestibles
 c - a bread ration
 h - 3 chunks of flesh


   Skills:
 - Level 2.1 Dodging
 - Level 2.0 Stealth
 - Level 2.0 Spellcasting
 - Level 1.3 Conjurations
 + Level 4.6 Fire Magic


You had 3 spell levels left.
You knew the following spells:

 Your Spells              Type           Power        Failure   Level  Hunger
a - Flame Tongue          Conj/Fire      ####.        1%          1    #......
b - Throw Flame           Conj/Fire      ####..       1%          2    ##.....


Dungeon Overview and Level Annotations

Branches:
Dungeon (2/15)

Altars:


Innate Abilities, Weirdness & Mutations

You have a beak for a mouth.
You have claws for feet.


Message History

Drink which item? (? for menu, Esc to quit)
It was a potion of brilliance.
You feel clever all of a sudden.
The jackal bites you but does no damage.
The adder bites you.
* * * LOW HITPOINT WARNING * * *
The jackal closely misses you. The adder barely misses you.
You hit the adder. Your kick misses the adder.
The adder is heavily wounded.
* * * LOW HITPOINT WARNING * * *
You feel sick. The jackal misses you. The adder closely misses you.
Casting: Flame Tongue
Confirm with . or Enter, or press ? or * to list all spells.
Aiming: Flame Tongue
Press: ? - help, Shift-Dir - straight line, f - jackal
Aim: a jackal The flame tongue hits the jackal.
The jackal is heavily wounded.
The jackal bites you.
You die...

#.....#.##......#..
###.#...........#..
########.....##......#.#
#............#.#..####.#
#..###.###.....#.#####.#
#..#.....#..>...........
#..#.....#.#.#.##.##....
#.......h..#.#.....#.###
#..#...@S#...####..#.#
#..#.....#...# #..#.#
#..###.###...####..#.#
########.........#.........###
#....# ##.#.##.#.#######......
#.##.# #.#....#.#######..####
#.##.####.####.#.#.....)..#
#.##......####.#.##.####)#####
#.##########...#.......#......


You could see an adder and a jackal.

Vanquished Creatures
  An adder (D:1)
  A goblin (D:1)
  A hobgoblin (D:1)
  4 jackals (D:1)
  3 bats (D:1)
  A giant cockroach (D:1)
  5 giant newts (D:1)
  A kobold (D:1)
  5 rats (D:1)
22 creatures vanquished.

Notes
Turn   | Place    | Note
--------------------------------------------------------------
     0 | D:1      | kae the Tengu Fire Elementalist began the quest for the Orb.
     0 | D:1      | Reached XP level 1. HP: 10/10 MP: 4/4
   278 | D:1      | Reached XP level 2. HP: 10/15 MP: 1/6
   332 | D:1      | Learned a level 2 spell: Throw Flame
   376 | D:1      | Reached skill level 4 in Fire Magic
  1088 | D:1      | Reached XP level 3. HP: 15/19 MP: 5/7
  1515 | D:1      | Slain by a jackal

Vault maps used:
D:1:      erik_arrival_blinker_ship, st_stairs_3, kennysheep_small_spiral,
          minmay_misc_feat_five
D:2:      first_bread, grunt_decor_one_mirror

Action                   || total
-------------------------++-------
Melee: Unarmed           ||    34
 Cast: Flame Tongue      ||    39
  Use: Potion            ||     1
  Eat: Chunk             ||     2
